 Dungeon Crawl Stone Soup version 0.23.0 (webtiles) character file.

Game seed: 8215194631160910647

5058 inmateoo the Martial Artist (level 10, -1/65 HPs)
             Began as an Octopode Transmuter on Feb 18, 2019.
             Was an Elder of Cheibriados.
             Hit by a large rock thrown by a cyclops (24 damage)
             ... on level 11 of the Dungeon.
             The game lasted 00:18:34 (11367 turns).

inmateoo the Martial Artist (Octopode Transmuter)  Turns: 11367, Time: 00:18:34

Health: -1/65      AC:  1    Str: 17 (19) XL:     10   Next: 56%
Magic:  12/16      EV: 18    Int: 26 (28) God:    Cheibriados [****..]
Gold:   342        SH:  0    Dex: 22 (24) Spells: 4/19 levels left

rFire    . . .     SeeInvis .     - Unarmed
rCold    + . .     Gourm    .   (shield currently unavailable)
rNeg     . . .     Faith    .   (helmet restricted)
rPois    .         Spirit   .   (no amulet)
rElec    .         Reflect  .   n - ring of protection from cold
rCorr    .         Harm     .   r - +3 ring of dexterity
MR       .....                  (no ring)
Stlth    +++.......             (no ring)
HPRegen  0.20/turn              (no ring)
MPRegen  0.15/turn              (no ring)
                                (no ring)
                                (no ring)

@: lethally poisoned (-1 -> -4), blade tentacles, flying, hasted, slow
A: almost no armour, stealthy swim, amphibious, 8 rings, constrict 8, camouflage
1, low mp 1, mutation resistance 1, gelatinous body 1
a: End Transformation, Bend Time, Temporal Distortion, Slouch, Renounce Religion


You were on level 11 of the Dungeon.
You worshipped Cheibriados.
Cheibriados was greatly pleased with you.
You were not hungry.
You had blades for tentacles.
You visited 2 branches of the dungeon, and saw 12 of its levels.

You collected 342 gold pieces.

Inventory:

Hand Weapons
 k - a +1 blowgun
 t - a +1 short sword of venom
Missiles
 a - 155 arrows
 u - 47 poisoned needles
Jewellery
 n - a ring of protection from cold (left scythe-like blade)
 r - a +3 ring of dexterity (right scythe-like blade)
 x - an uncursed ring of fire
Wands
 l - a wand of paralysis (6)
 v - a wand of enslavement (17)
 w - a wand of iceblast (8)
Scrolls
 b - 5 scrolls of remove curse
 d - 2 scrolls of amnesia
 g - a scroll of fog
Potions
 f - 3 potions of resistance
 h - 2 potions of flight
 i - a potion of mutation
 o - 2 potions of agility
 p - a potion of haste
 q - a potion of curing
 z - a potion of brilliance
Miscellaneous
 e - a sack of spiders
Comestibles
 c - 12 rations


   Skills:
 + Level 4.5 Fighting
 + Level 5.5 Dodging
 * Level 9.4 Unarmed Combat
 + Level 5.3 Spellcasting
 + Level 6.3 Transmutations
 + Level 6.4 Invocations
 + Level 1.9 Evocations


You had 4 spell levels left.
You knew the following spells:

 Your Spells              Type           Power        Failure   Level  Hunger
a - Beastly Appendage     Tmut           #####.       12%         1    None
b - Sticks to Snakes      Tmut           #####...     14%         2    None
c - Spider Form           Tmut/Pois      ###.......   36%         3    #......
d - Ice Form              Ice/Tmut       ###.....     63%         4    ###....
e - Blade Hands           Tmut           #####.....   56%         5    #####..

Your spell library contained the following spells:

 Spells                   Type           Power        Failure   Level  Hunger


Dungeon Overview and Level Annotations

Branches:
Dungeon (11/15)            Temple (1/1) D:4             Orc (0/2) D:9
   Lair: D:8-11

Altars:
Cheibriados
Dithmenos
Kikubaaqudgha
Trog
Vehumet


Innate Abilities, Weirdness & Mutations

You cannot wear most types of armour.
You are very stealthy in the water. (Stealth+)
You are amphibious.
You can wear up to eight rings at the same time.
You can use your tentacles to constrict eight enemies at once.
Your skin changes colour to match your surroundings (Stealth+).
Your rubbery body absorbs attacks. (AC +1, EV +1)
Your magical capacity is low. (-10% MP)
You are somewhat resistant to further mutation.


Message History

Unknown command.
You slash the worker ant! You grab the worker ant.
The worker ant is heavily wounded.
You constrict the worker ant.
You feel sick.
Unknown command.
You slash the worker ant!
You kill the worker ant!
Cheibriados appreciates the change of pace.
Unknown command.
You completely miss the bullfrog skeleton.
You grab the bullfrog skeleton. You slash the bullfrog skeleton!
The bullfrog skeleton is heavily damaged.
You constrict the bullfrog skeleton.
The bullfrog skeleton completely misses you.
Unknown command.
You slice the bullfrog skeleton!!
You destroy the bullfrog skeleton!
Cheibriados thoroughly appreciates the change of pace.
The cyclops throws a large rock.
The large rock hits you!!
You die...

#........
#........
#........
#$.......
#........
#........
#!.......
#S#######
#@# #†#
#.#
#C#######
#<.......
#.....C..
#........
#.....##.
#.....#


You could see a cyclops and a friendly adder.

Vanquished Creatures
  Joseph (D:7)
  Grinder (D:5)
  2 hippogriffs
  Grum (D:8)
  A wyvern (D:8)
  2 orc warriors
  2 phantoms
  3 sky beasts
  A black bear (D:9)
  2 ice beasts
  5 centaurs
  3 wolves (D:8)
  3 ogres
  2 bullfrogs
  A wyvern zombie (D:7)
  2 water moccasin skeletons
  5 scorpions
  A bullfrog zombie (D:5)
  2 centaur zombies
  2 crimson imps
  5 hounds
  3 orc priests
  5 jellies
  Crazy Yiuf (D:7)
  6 orc wizards
  2 bullfrog skeletons
  3 iguanas
  Jessica (D:2)
  Ijyb (D:3)
  Natasha (D:3)
  5 worker ants
  Terence (D:3)
  2 hound skeletons
  2 worker ant zombies
  11 gnolls
  13 adders
  2 oozes
  3 adder zombies
  2 worms (D:4)
  4 dart slugs
  2 leopard geckos
  20 orcs
  6 giant cockroaches
  8 goblins
  3 hobgoblins
  4 jackals (D:7)
  9 kobolds
  3 quokkas
  A ball python (D:3)
  11 bats
  2 leopard gecko skeletons (D:4)
  A leopard gecko zombie (D:6)
  5 rats
190 creatures vanquished.

Vanquished Creatures (collateral kills)
  Sigmund (D:2)
  Natasha (D:3)
  2 adders
4 creatures vanquished.

Vanquished Creatures (others)
  A kobold (D:3)
1 creature vanquished.

Grand Total: 195 creatures vanquished

Notes
Turn   | Place    | Note
-------+----------+-------------------------------------------
     0 | D:1      | inmateoo the Octopode Transmuter began the quest for the
                  | Orb.
     0 | D:1      | Reached XP level 1. HP: 13/13 MP: 3/3
    26 | D:1      | Reached XP level 2. HP: 12/18 MP: 3/5
   227 | D:1      | Learned a level 2 spell: Sticks to Snakes
   471 | D:2      | Noticed Sigmund
   525 | D:2      | Reached XP level 3. HP: 9/23 MP: 3/6
   736 | D:1      | HP: 1/23 [adder (4)]
  1507 | D:2      | Found a faded altar of an unknown god.
  1564 | D:2      | Killed Sigmund
  1564 | D:2      | Reached skill level 4 in Unarmed Combat
  1564 | D:2      | Reached XP level 4. HP: 6/28 MP: 1/7
  1564 | D:2      | Reached XP level 5. HP: 7/33 MP: 1/8
  1971 | D:2      | Noticed Jessica
  1976 | D:2      | Killed Jessica
  2179 | D:3      | Noticed Natasha
  2196 | D:3      | Killed Natasha
  2196 | D:3      | Reached skill level 5 in Unarmed Combat
  2467 | D:3      | Noticed Terence
  2474 | D:3      | Killed Terence
  2474 | D:3      | Reached XP level 6. HP: 32/38 MP: 9/9
  2624 | D:3      | Found a radiant altar of Vehumet.
  3006 | D:3      | Noticed Natasha
  3014 | D:3      | Killed Natasha
  3037 | D:3      | Noticed Ijyb
  3056 | D:3      | Killed Ijyb
  3056 | D:3      | Reached skill level 6 in Unarmed Combat
  3377 | D:3      | Learned a level 3 spell: Spider Form
  3695 | D:4      | Reached XP level 7. HP: 28/46 MP: 8/10
  3709 | D:4      | Learned a level 4 spell: Ice Form
  4275 | D:4      | Found a staircase to the Ecumenical Temple.
  4437 | Temple   | Entered the Ecumenical Temple
  4451 | Temple   | Became a worshipper of Cheibriados the Contemplative
  4483 | D:5      | Entered Level 5 of the Dungeon
  5117 | D:5      | Reached XP level 8. HP: 19/54 MP: 8/12
  5519 | D:5      | Reached * piety under Cheibriados
  5945 | D:5      | Reached skill level 7 in Unarmed Combat
  6138 | D:6      | Reached skill level 1 in Invocations
  6855 | D:6      | Reached skill level 5 in Transmutations
  6966 | D:6      | Noticed Grinder
  7184 | D:6      | Paralysed by Grinder for 4 turns
  7201 | D:5      | Killed Grinder
  7201 | D:5      | Reached ** piety under Cheibriados
  7543 | D:7      | Reached XP level 9. HP: 58/58 MP: 10/14
  7581 | D:7      | Learned a level 5 spell: Blade Hands
  7609 | D:7      | Found a shadowy altar of Dithmenos.
  7620 | D:7      | Reached skill level 8 in Unarmed Combat
  7918 | D:7      | Noticed Joseph
  7937 | D:7      | Killed Joseph
  8867 | D:7      | Found a runed translucent door.
  8868 | D:7      | Noticed Crazy Yiuf
  8945 | D:7      | Killed Crazy Yiuf
  8945 | D:7      | Reached skill level 9 in Unarmed Combat
  9009 | D:8      | Reached skill level 5 in Dodging
  9066 | D:8      | Reached skill level 5 in Spellcasting
  9087 | D:8      | Reached skill level 5 in Invocations
  9087 | D:8      | Reached XP level 10. HP: 22/63 MP: 8/17
  9392 | D:8      | Noticed Grum
  9652 | D:8      | Reached *** piety under Cheibriados
  9969 | D:8      | Killed Grum
  9976 | D:8      | Reached skill level 1 in Evocations
 10764 | D:9      | Found a staircase to the Orcish Mines.
 11179 | D:9      | Reached **** piety under Cheibriados
 11297 | D:10     | Entered Level 10 of the Dungeon
 11317 | D:11     | Noticed a cyclops
 11341 | D:11     | Gained mutation: Your magical capacity is low. (-10% MP)
                  | [potion of mutation]
 11341 | D:11     | Gained mutation: You are somewhat resistant to further
                  | mutation. [potion of mutation]
 11367 | D:11     | Hit by a large rock thrown by a cyclops

Skill      XL: |  1  2  3  4  5  6  7  8  9 10 |
---------------+-------------------------------+-----
Transmutations | 3 4 5 6 |  6.3
Unarmed Combat | 4 5 6 7 9 |  9.4
Fighting       | 3 4 |  4.5
Dodging        | 4 5 |  5.5
Spellcasting   | 3 5 |  5.3
Invocations    | 2 5 6 |  6.4
Evocations     | 1 |  1.9

Action                   |  1- 3 |  4- 6 |  7- 9 | 10-12 || total
-------------------------+-------+-------+-------+-------++-------
Melee: Unarmed           |    70 |   109 |   263 |    77 ||   519
       Kick              |     9 |    14 |    11 |       ||    34
       Constrict         |    20 |    25 |    27 |    21 ||    93
       Tentacles         |    18 |    16 |    32 |    23 ||    89
       Punch             |       |     3 |    14 |     6 ||    23
 Fire: Blowgun           |       |       |       |     4 ||     4
 Cast: Beastly Appendage |     6 |     8 |     6 |       ||    20
       Sticks to Snakes  |     8 |     5 |    11 |     6 ||    30
       Spider Form       |       |     1 |    11 |       ||    12
       Blade Hands       |       |       |     6 |    13 ||    19
 Abil: End Transformatio |       |       |     1 |       ||     1
  Use: Scroll            |       |       |    13 |     5 ||    18
       Potion            |       |       |       |     6 ||     6
 Stab: Sleeping          |     1 |     9 |     4 |     4 ||    18
  Eat: Chunk             |     2 |     5 |     8 |     7 ||    22
       Ration            |       |     1 |     2 |     1 ||     4
Armor: Skin              |     8 |     3 |    12 |     1 ||    24
Dodge: Dodged            |    47 |    75 |   181 |    77 ||   380
